 Dungeon Crawl Stone Soup version 0.17-a0-377-gdd46233 (webtiles) character file.

2 BLOAX the Chiller (level 1, -1/10 HPs)
             Began as a Deep Elf Ice Elementalist on Apr 2, 2015.
             Slain by a goblin (4 damage)
             ... on level 1 of the Dungeon.
             The game lasted 00:00:12 (264 turns).

BLOAX the Chiller (Deep Elf Ice Elementalist)        Turns: 264, Time: 00:00:12

Health: -1/10      AC:  2    Str:  5    XL:     1   Next: 33%
Magic:  5/6        EV: 13    Int: 19    God:
Gold:   20         SH:  0    Dex: 15    Spells: 1 memorised, 5 levels left

rFire  . . .     SeeInvis .     (no weapon)
rCold  . . .     Clarity  .     a - +0 robe
rNeg   . . .     SustAb   .     (no shield)
rPois  .         Gourm    .     (no helmet)
rElec  .         Spirit   .     (no cloak)
rCorr  .         Warding  .     (no gloves)
rMut   .         Stasis   .     (no boots)
MR     .....                    (no amulet)
Stlth  ++........               (no ring)
                                (no ring)

@: not resistant to hostile enchantments, unstealthy
A: no striking features
a: no special abilities


You were on level 1 of the Dungeon.
You were not hungry.

You visited 1 branch of the dungeon, and saw 1 of its levels.

You collected 20 gold pieces.


   Skills:
 - Level 2.4 Dodging
 - Level 2.4 Stealth
 + Level 3.1 Spellcasting
   Level 1.1 Conjurations
 + Level 3.4 Ice Magic


You had 5 spell levels left.
You knew the following spells:

 Your Spells              Type           Power        Failure   Level  Hunger
a - Freeze                Ice            ###.         4%          1    None


Dungeon Overview and Level Annotations

Branches:
Dungeon (1/15)

Altars:

Inventory:

Armour
 a - a +0 robe (worn)
Scrolls
 d - a scroll of teleportation {unknown}
Books
 b - a book of Frost

   Spells                             Type                      Level
   a - Freeze                         Ice                          1
   b - Throw Frost                    Conjuration/Ice              2
   c - Ozocubu's Armour               Charms/Ice                   3
   d - Throw Icicle                   Conjuration/Ice              4
   e - Summon Ice Beast               Ice/Summoning                4
   f - Condensation Shield            Ice                          4
Comestibles
 c - a bread ration
 f - a beef jerky

##.## ####...#.....
#...####.....#....##.
..~..#.....#.#........
..~....~..8#.#...#..#..
.~~~..~...##.#..........
~~~~~~.....#....#....#..
~...~~~~................
..<..~~~~~...#.#......#..
~...~~~~.....#..@g.......
~~~~~~.....#.#.#######.#.
.~~~..~...##...#
..~....~..8#####
..~..#.....##
#...####....# ##.##
###..# #.# #### #.#


You could see a goblin.


Message History

A hobgoblin comes into view.
A hobgoblin is nearby!
A hobgoblin is nearby!
A hobgoblin is nearby!
A hobgoblin is nearby!
The hobgoblin shouts!
The hobgoblin hits you.
You hit the hobgoblin but do no damage.
The hobgoblin hits you but does no damage.
Casting: Freeze
Aiming: Freeze
Aim: a hobgoblin You freeze the hobgoblin.
You kill the hobgoblin!
Unknown command.
You see here a hobgoblin corpse.
Magic restored.
Found 14 gold pieces.
You now have 14 gold pieces.
HP restored.
Found a scroll labeled FUJOME NOCRU.
d - a scroll labeled FUJOME NOCRU
Found a stone staircase leading down.
You open the door.
There is an open door here.
Found a beef jerky.
A hobgoblin comes into view.
A hobgoblin is nearby!
A hobgoblin is nearby!
The hobgoblin shouts!
You barely miss the hobgoblin. The hobgoblin hits you.
You hit the hobgoblin.
The hobgoblin is lightly wounded.
The hobgoblin hits you.
Casting: Freeze
Aiming: Freeze
Aim: a hobgoblin (lightly wounded)
You freeze the hobgoblin.
The hobgoblin is severely wounded.
The hobgoblin barely misses you.
Unknown command.
Unknown command.
Casting: Freeze
Aiming: Freeze
Aim: a hobgoblin (severely wounded)
You freeze the hobgoblin.
You kill the hobgoblin!
Unknown command.
Unknown command.
You start resting.
f - a beef jerky Magic restored.
Found 17 bolts.
You see here 17 bolts.
Found 6 gold pieces.
You now have 20 gold pieces (gained 6).
A goblin comes into view.
A goblin is nearby!
A goblin is nearby!
The goblin shouts!
The goblin barely misses you.
You barely miss the goblin. The goblin hits you.
* * * LOW HITPOINT WARNING * * *
Casting: Freeze
Aiming: Freeze
Aim: a goblin You freeze the goblin.
The goblin is moderately wounded.
The goblin hits you.
You die...

Action                   || total
-------------------------++-------
Melee: Unarmed           ||     4
 Cast: Freeze            ||     4

Vault maps used:
D:1:      eino_arrival_water_star, minmay_misc_feat_more_columns

Notes
Turn   | Place    | Note
--------------------------------------------------------------
     0 | D:1      | BLOAX, the Deep Elf Ice Elementalist, began the quest for the Orb.
     0 | D:1      | Reached XP level 1. HP: 10/10 MP: 6/6
   264 | D:1      | Slain by a goblin

Vanquished Creatures
  2 hobgoblins (D:1)
2 creatures vanquished.

Vault maps used:
D:1:      eino_arrival_water_star, minmay_misc_feat_more_columns
